 Dungeon Crawl Stone Soup version 0.29.0-4-gdea44cf6ec (webtiles) character file.

Game seed: 10422239484242070874

5474 qw the Severer (level 10, -7/91 HPs)
             Began as a Minotaur Berserker on Sept 5, 2022.
             Was a Priest of Trog.
             Succumbed to a kobold brigand's curare-tipped dart
             ... on level 8 of the Dungeon.
             The game lasted 00:02:46 (9353 turns).

qw the Severer (Minotaur Berserker)                 Turns: 9353, Time: 00:02:46

Health: -7/91      AC: 16    Str: 27      XL:     10   Next: 42%
Magic:  6/9        EV:  8    Int:  3 (4)  God:    Trog [***...]
Gold:   409        SH:  0    Dex:  8 (9)  Spells: 9/9 levels left

rFire   . . .      SeeInvis +   Y - +0 war axe
rCold   + . .      Faith    .   (no shield)
rNeg    . . .      Spirit   +   l - +0 plate armour
rPois   .          Reflect  .   (helmet restricted)
rElec   .          Harm     .   (no cloak)
rCorr   .          Rampage  .   m - +0 pair of gloves
Will    .....                   r - +0 pair of boots
Stlth   ..........              a - amulet of guardian spirit
HPRegen 0.25/turn               h - ring of protection from cold
MPRegen 0.11/turn               i - ring of see invisible

@: lethally poisoned (-7 -> -45), slowed, very slow
A: horns 2, retaliatory headbutt
a: Renounce Religion, Berserk, Trog's Hand


You were on level 8 of the Dungeon.
You worshipped Trog.
Trog was most pleased with you.
You visited 1 branch of the dungeon, and saw 9 of its levels.

You collected 484 gold pieces.
You spent 75 gold pieces at shops.


Innate Abilities, Weirdness & Mutations

You have a pair of horns on your head.
You reflexively headbutt those who attack you in melee.


   Skills:
 - Level 9.1 Fighting
 - Level 15.0 Axes
 - Level 1.2 Throwing
 + Level 7.7 Armour
 - Level 2.1 Dodging


You had 9 spell levels left.
You didn't know any spells.
Your spell library was empty.

Inventory:

Hand Weapons
 q - a +0 flail
 Y - a +0 war axe (weapon)
Missiles
 b - 2 boomerangs (quivered)
Armour
 l - a +0 plate armour (worn)
 m - a +0 pair of gloves (worn)
 r - a +0 pair of boots (worn)
 s - a +0 kite shield
 t - a +1 chain mail of positive energy
Jewellery
 a - an amulet of guardian spirit (around neck)
 f - an amulet of regeneration
 h - a ring of protection from cold (left hand)
 i - a ring of see invisible (right hand)
 k - a ring of positive energy
Scrolls
 g - 5 scrolls of teleportation
 j - 3 scrolls of identify
 u - 3 scrolls of fear {unknown}
Potions
 c - 2 potions of might
 d - a potion of resistance
 e - 2 potions of mutation
 n - a potion of heal wounds
 o - 2 potions of curing
 p - 6 potions of haste

Dungeon Overview and Level Annotations

Branches:
Dungeon (9/15)             Temple (0/1) D:6            Lair (0/5) D:9
    Orc: D:9-12

Altars:
Ashenzari
Cheibriados
Dithmenos
Elyvilon
Fedhas
Gozag
Nemelex Xobeh
Xom
The Shining One

Shops:
D:5 *   D:7 *

Annotations:
D:6 1 runed translucent door, qw's ghost, novice MiFi
D:7 2 transporters, qw's ghost, novice BaCK
D:9 3 runed translucent doors, qw's ghost, journeyman TrCA


Message History

You feel very sick.
The kobold brigand throws a curare-tipped dart.
The curare-tipped dart misses you.
9346 ||| FLEEEEING.
You feel very sick.
The kobold brigand throws a curare-tipped dart.
The curare-tipped dart hits you.
You are more poisoned.
You have difficulty breathing.
You feel as though you will be slow longer.
9347 ||| FLEEEEING.
You feel very sick.
9348 ||| FLEEEEING.
You feel very sick.
9349 ||| FLEEEEING.
You feel very sick.
The kobold brigand throws a curare-tipped dart.
The curare-tipped dart hits you.
You are more poisoned.
You have difficulty breathing.
You feel as though you will be slow longer.
9350 ||| FLEEEEING.
You feel very sick.
9351 ||| FLEEEEING.
You feel very sick.
The kobold brigand throws a curare-tipped dart.
The curare-tipped dart hits you.
You are more poisoned.
You have difficulty breathing.
You feel as though you will be slow longer.
There is a stone staircase leading up here.
9352 ||| STAIRDANCE You feel extremely sick.
The kobold brigand throws a curare-tipped dart.
The curare-tipped dart hits you.
You are lethally poisoned!
You have difficulty breathing.
You feel as though you will be slow longer.
You climb upwards.
You die...

##.......+.........).....
#......###........[###...
#..#.### #........## #...
#..#######.#.....## ####
#...............##
#.####.######..## #.# #.#
#..#######
#.####.######........#
#.......@..##...####.##
######.###.##.........#
#.# #.#.....###..###
#.###.##...##.......
#^............#..###
#########..####..#
#........# #........#
#.########


There were no monsters in sight!

Vanquished Creatures
  A two-headed ogre (D:8)
  A troll (D:9)
  4 wyverns
  5 yaks (D:9)
  2 steam dragons
  2 vampire mosquitoes (D:8)
  3 water moccasins (D:7)
  2 orc warriors
  3 sky beasts
  2 ice beasts
  3 ogres (D:7)
  2 centaurs
  2 phantoms
  2 bullfrogs
  2 necrophages
  A gnoll sergeant (D:9)
  2 scorpions (D:5)
  5 wights (D:8)
  A howler monkey (D:7)
  A hound (D:6)
  An orc priest (D:9)
  A gnoll bouda (D:7)
  An iguana (D:5)
  5 orc wizards
  16 gnolls
  6 adders
  3 white imps
  An ufetubus (D:6)
  A worm (D:2)
  2 dart slugs (D:1)
  21 orcs
  10 endoplasms
  3 giant cockroaches
  6 goblins
  A hobgoblin (D:1)
  3 quokkas
  3 ball pythons
  12 bats
  14 kobolds
  4 rats
160 creatures vanquished.

Vanquished Creatures (others)
  A sky beast (D:7)
  A scorpion (D:7)
  An orc (D:4)
  A ball python (D:4)
  A quokka (D:4)
5 creatures vanquished.

Grand Total: 165 creatures vanquished

Notes
Turn   | Place    | Note
-------+----------+-------------------------------------------
     0 | D:1      | qw the Minotaur Berserker began the quest for the Orb.
     0 | D:1      | Reached XP level 1. HP: 19/19 MP: 0/0
     0 | D:1      | 0 ||| qw: Version: 0.1-a-104-g96f76f8
     0 | D:1      | 0 ||| qw: Game counter: 5888
     0 | D:1      | 0 ||| qw: Always use a shield: true
     0 | D:1      | 0 ||| qw: Do Orc after D:15 true
     0 | D:1      | 0 ||| qw: Do second Lair branch before Depths: true
     0 | D:1      | 0 ||| qw: Lair rune preference: random
     0 | D:1      | 0 ||| qw: Plans: Normal
     0 | D:1      | 0 ||| PLANNING D:1-11
   109 | D:1      | Reached skill level 4 in Axes
   113 | D:1      | Reached XP level 2. HP: 18/26 MP: 1/1
   396 | D:1      | 396 ||| Stepping ~*~*~tactically~*~*~ (stealth).
   397 | D:1      | 397 ||| Stepping ~*~*~tactically~*~*~ (stealth).
   412 | D:1      | 412 ||| Stepping ~*~*~tactically~*~*~ (stealth).
   451 | D:1      | 451 ||| Stepping ~*~*~tactically~*~*~ (stealth).
   471 | D:1      | 471 ||| Stepping ~*~*~tactically~*~*~ (stealth).
   472 | D:1      | 472 ||| Stepping ~*~*~tactically~*~*~ (stealth).
   679 | D:1      | Reached skill level 5 in Axes
   748 | D:1      | 748 ||| DROPPING +0 club.
   783 | D:1      | Reached XP level 3. HP: 31/31 MP: 2/2
   799 | D:1      | Reached ** piety under Trog
   911 | D:1      | 911 ||| UPGRADING to +0 leather armour.
   921 | D:1      | 921 ||| DROPPING +0 animal skin.
   922 | D:1      | 922 ||| UPGRADING to +0 plate armour.
   932 | D:1      | 932 ||| DROPPING +0 leather armour.
   933 | D:1      | 933 ||| READING scroll labelled FID DIRRYRRU.
   934 | D:1      | 934 ||| READING scroll labelled ZISUPN EMEA.
   935 | D:1      | 935 ||| READING scroll labelled FODEOW GAEKYA.
   936 | D:1      | 936 ||| READING 4 scrolls labelled GIOTEL ZOMOG.
   937 | D:1      | 937 ||| DRINKING 2 pink potions.
   938 | D:1      | 938 ||| READING 3 scrolls of identify.
   938 | D:1      | 938 ||| IDENTIFYING glowing amethyst potion
   939 | D:1      | 939 ||| READING 2 scrolls of identify.
   939 | D:1      | 939 ||| IDENTIFYING amethyst potion
   940 | D:1      | 940 ||| DROPPING potion of lignification.
   941 | D:1      | 941 ||| DROPPING potion of attraction.
   942 | D:1      | 942 ||| DROPPING potion of flight.
   943 | D:1      | 943 ||| Stepping randomly (stuck).
   944 | D:1      | 944 ||| Stepping ~*~*~tactically~*~*~ (cloud).
   949 | D:1      | HP: 7/31 [poisoned by you (poison gas)]
  1273 | D:2      | 1273 ||| INVOKING Berserk.
  1883 | D:2      | You fall into a shaft and drop 1 floor!
  1901 | D:3      | Found a faded altar of an unknown god.
  2013 | D:3      | 2013 ||| Stepping ~*~*~tactically~*~*~ (stealth).
  2014 | D:3      | 2014 ||| Stepping ~*~*~tactically~*~*~ (stealth).
  2059 | D:3      | 2059 ||| Stepping ~*~*~tactically~*~*~ (stealth).
  2061 | D:3      | 2061 ||| Stepping ~*~*~tactically~*~*~ (stealth).
  2122 | D:3      | 2122 ||| INVOKING Berserk.
  2126 | D:3      | Reached skill level 6 in Axes
  2126 | D:3      | Reached XP level 4. HP: 39/39 MP: 3/3
  2216 | D:3      | 2216 ||| UPGRADING to amulet of guardian spirit.
  2221 | D:3      | 2221 ||| READING 2 scrolls labelled GENUIXT FISTOL.
  2225 | D:3      | 2225 ||| READING 4 scrolls of identify.
  2225 | D:3      | 2225 ||| IDENTIFYING lumpy ruby potion
  2226 | D:3      | 2226 ||| READING 3 scrolls of identify.
  2226 | D:3      | 2226 ||| IDENTIFYING bubbling blue potion
  2227 | D:3      | 2227 ||| READING 2 scrolls of identify.
  2227 | D:3      | 2227 ||| IDENTIFYING glowing green potion
  2228 | D:3      | 2228 ||| DROPPING potion of berserk rage.
  2512 | D:2      | Found a sparkling altar of Nemelex Xobeh.
  2632 | D:2      | 2632 ||| READING 2 scrolls of identify.
  2632 | D:2      | 2632 ||| IDENTIFYING murky purple potion
  2633 | D:2      | 2633 ||| DROPPING potion of invisibility.
  2952 | D:3      | 2952 ||| UPGRADING to ring of protection from cold.
  2953 | D:3      | 2953 ||| UPGRADING to ring of see invisible.
  3007 | D:4      | 3007 ||| INVOKING Berserk.
  3392 | D:4      | Found a white marble altar of Elyvilon.
  3438 | D:4      | 3438 ||| Stepping ~*~*~tactically~*~*~ (stealth).
  3439 | D:4      | 3439 ||| Stepping ~*~*~tactically~*~*~ (stealth).
  3441 | D:4      | Reached XP level 5. HP: 45/45 MP: 4/4
  3441 | D:4      | 3441 ||| Stepping ~*~*~tactically~*~*~ (stealth).
  3443 | D:4      | 3443 ||| Stepping ~*~*~tactically~*~*~ (hiding).
  3444 | D:4      | 3444 ||| Stepping ~*~*~tactically~*~*~ (hiding).
  3445 | D:4      | 3445 ||| INVOKING Berserk.
  3455 | D:4      | Reached skill level 7 in Axes
  3458 | D:4      | Reached skill level 1 in Throwing
  3868 | D:4      | Noticed a phantom
  3869 | D:4      | 3869 ||| Stepping ~*~*~tactically~*~*~ (stealth).
  3888 | D:4      | Killed a phantom
  3889 | D:4      | Reached XP level 6. HP: 43/55 MP: 5/5
  4027 | D:4      | 4027 ||| DROPPING +0 mace.
  4029 | D:4      | 4029 ||| Stepping ~*~*~tactically~*~*~ (stealth).
  4031 | D:4      | 4031 ||| Stepping ~*~*~tactically~*~*~ (stealth).
  4148 | D:4      | 4148 ||| DRINKING 2 bubbling dark potions.
  4149 | D:4      | 4149 ||| READING 2 scrolls of identify.
  4149 | D:4      | 4149 ||| IDENTIFYING sedimented coppery potion
  4150 | D:4      | 4150 ||| DROPPING potion of brilliance.
  4156 | D:5      | Entered Level 5 of the Dungeon
  4172 | D:5      | Reached skill level 3 in Armour
  4307 | D:5      | Found Ycvac's Assorted Antiques.
  4311 | D:5      | 4311 ||| BUYING murky coppery potion (23 gold).
  4311 | D:5      | Bought a murky coppery potion for 23 gold pieces
  4311 | D:5      | 4311 ||| BUYING scroll of identify (52 gold).
  4311 | D:5      | Bought a scroll of identify for 52 gold pieces
  4313 | D:5      | Noticed a steam dragon
  4317 | D:5      | 4317 ||| INVOKING Berserk.
  4319 | D:5      | Killed a steam dragon
  4320 | D:5      | Reached skill level 8 in Axes
  4320 | D:5      | Reached XP level 7. HP: 60/60 MP: 6/6
  4466 | D:5      | 4466 ||| Stepping ~*~*~tactically~*~*~ (stealth).
  4541 | D:5      | Reached skill level 9 in Axes
  4750 | D:5      | 4750 ||| Stepping ~*~*~tactically~*~*~ (stealth).
  4759 | D:5      | 4759 ||| Stepping ~*~*~tactically~*~*~ (hiding).
  4980 | D:5      | 4980 ||| READING scroll labelled ZIACVU YLIREXO.
  4981 | D:5      | 4981 ||| READING 3 scrolls of identify.
  4981 | D:5      | 4981 ||| IDENTIFYING murky coppery potion
  4982 | D:5      | 4982 ||| READING 2 scrolls of identify.
  4982 | D:5      | 4982 ||| IDENTIFYING clear potion
  5034 | D:6      | 5034 ||| DRINKING potion of curing.
  5034 | D:6      | 5034 ||| (to cure confusion)
  5203 | D:6      | Reached *** piety under Trog
  5204 | D:6      | Reached skill level 10 in Axes
  5242 | D:6      | 5242 ||| Stepping ~*~*~tactically~*~*~ (stealth).
  5244 | D:6      | 5244 ||| Stepping ~*~*~tactically~*~*~ (hiding).
  5246 | D:6      | 5246 ||| Stepping ~*~*~tactically~*~*~ (hiding).
  5344 | D:6      | Found a staircase to the Ecumenical Temple.
  5411 | D:6      | Reached XP level 8. HP: 69/69 MP: 7/7
  5411 | D:6      | Identified the +1 robe of Sepiywint {rC+}
  5619 | D:6      | Found a runed translucent door.
  5620 | D:6      | Found a shimmering altar of Xom.
  5620 | D:6      | Noticed qw's ghost (novice MiFi)
  5620 | D:6      | Noticed a +2 flail of chaos
  5838 | D:6      | 5838 ||| READING scroll labelled WELOIC ADEYNA.
  5839 | D:6      | 5839 ||| DRINKING 4 fuming emerald potions.
  5867 | D:7      | Found a broken altar of Ashenzari.
  5872 | D:7      | Found a snail-covered altar of Cheibriados.
  5932 | D:7      | Found a transporter.
  5940 | D:7      | Reached skill level 6 in Fighting
  5944 | D:7      | Noticed a two-headed ogre
  5946 | D:7      | Noticed qw's ghost (novice BaCK)
  5947 | D:7      | Noticed a moth of wrath
  5998 | D:7      | 5998 ||| Stepping ~*~*~tactically~*~*~ (stealth).
  6003 | D:7      | 6003 ||| Stepping ~*~*~tactically~*~*~ (hiding).
  6005 | D:7      | 6005 ||| Stepping ~*~*~tactically~*~*~ (hiding).
  6008 | D:7      | 6008 ||| Stepping ~*~*~tactically~*~*~ (hiding).
  6017 | D:7      | 6017 ||| INVOKING Berserk.
  6063 | D:7      | 6063 ||| Stepping ~*~*~tactically~*~*~ (stealth).
  6083 | D:7      | Reached skill level 11 in Axes
  6115 | D:7      | 6115 ||| Stepping ~*~*~tactically~*~*~ (hiding).
  6119 | D:7      | 6119 ||| INVOKING Berserk.
  6283 | D:7      | 6283 ||| INVOKING Berserk.
  6301 | D:7      | 6301 ||| Stepping ~*~*~tactically~*~*~ (cloud).
  6410 | D:7      | 6410 ||| Stepping ~*~*~tactically~*~*~ (hiding).
  6411 | D:7      | 6411 ||| Stepping ~*~*~tactically~*~*~ (hiding).
  6416 | D:7      | 6416 ||| INVOKING Berserk.
  6419 | D:7      | Reached skill level 12 in Axes
  6426 | D:7      | Reached XP level 9. HP: 78/78 MP: 8/8
  6729 | D:7      | Found a blossoming altar of Fedhas.
  6732 | D:7      | Found Estik's Overcharged Wands.
  6741 | D:7      | 6741 ||| SHOPLISTING wand of digging (11) (693 gold, have
                  | 254).
  6910 | D:7      | 6910 ||| SWAPPING to +0 war axe.
  6911 | D:7      | 6911 ||| DROPPING +0 hand axe.
  6922 | D:7      | Reached skill level 13 in Axes
  7252 | D:7      | Found a transporter.
  7305 | D:7      | 7305 ||| READING scroll labelled XOOCEITTEA.
  7426 | D:8      | Reached skill level 6 in Armour
  7473 | D:8      | 7473 ||| Stepping ~*~*~tactically~*~*~ (stealth).
  7475 | D:8      | 7475 ||| Stepping ~*~*~tactically~*~*~ (hiding).
  7476 | D:8      | 7476 ||| Stepping ~*~*~tactically~*~*~ (stealth).
  7477 | D:8      | 7477 ||| Stepping ~*~*~tactically~*~*~ (stealth).
  7490 | D:8      | 7490 ||| Stepping ~*~*~tactically~*~*~ (stealth).
  7498 | D:8      | 7498 ||| Stepping ~*~*~tactically~*~*~ (stealth).
  7499 | D:8      | 7499 ||| Stepping ~*~*~tactically~*~*~ (stealth).
  7806 | D:8      | Noticed a two-headed ogre
  7808 | D:8      | 7808 ||| INVOKING Berserk.
  7813 | D:8      | Killed a two-headed ogre
  7814 | D:8      | Reached skill level 14 in Axes
  7814 | D:8      | Reached XP level 10. HP: 81/88 MP: 5/9
  8236 | D:8      | Found a glowing golden altar of the Shining One.
  8272 | D:8      | 8272 ||| Stepping ~*~*~tactically~*~*~ (stealth).
  8621 | D:8      | 8621 ||| Stepping ~*~*~tactically~*~*~ (stealth).
  8622 | D:8      | 8622 ||| Stepping ~*~*~tactically~*~*~ (stealth).
  8695 | D:8      | Found a sparkling altar of Nemelex Xobeh.
  8699 | D:8      | 8699 ||| UPGRADING to +0 pair of gloves.
  8704 | D:8      | 8704 ||| UPGRADING to +0 pair of boots.
  8709 | D:8      | 8709 ||| READING scroll labelled SYICUA KIUKAN.
  8710 | D:8      | 8710 ||| READING 2 scrolls labelled WOVATH MUEN.
  8711 | D:8      | 8711 ||| DRINKING 2 glowing clear potions.
  8712 | D:8      | 8712 ||| DROPPING potion of degeneration.
  8713 | D:8      | 8713 ||| DROPPING scroll of butterflies.
  8756 | D:9      | Found a staircase to the Lair.
  8855 | D:9      | Found a runed translucent gate.
  8855 | D:9      | Found a runed translucent gate.
  8855 | D:9      | Found a runed translucent gate.
  8857 | D:9      | Found an opulent altar of Gozag.
  8857 | D:9      | Found a shadowy altar of Dithmenos.
  8857 | D:9      | Noticed a seven-headed hydra
  8861 | D:9      | Noticed a centaur warrior
  8862 | D:9      | 8862 ||| FLEEEEING.
  8863 | D:9      | 8863 ||| INVOKING Berserk.
  8869 | D:9      | Noticed qw's ghost (journeyman TrCA)
  8870 | D:9      | Noticed an obsidian statue
  9005 | D:9      | 9005 ||| INVOKING Berserk.
  9149 | D:9      | Reached skill level 15 in Axes
  9157 | D:9      | Reached skill level 9 in Fighting
  9341 | D:9      | 9341 ||| FLEEEEING.
  9342 | D:9      | 9342 ||| FLEEEEING.
  9343 | D:9      | 9343 ||| FLEEEEING.
  9344 | D:9      | 9344 ||| FLEEEEING.
  9345 | D:9      | 9345 ||| FLEEEEING.
  9346 | D:9      | 9346 ||| FLEEEEING.
  9347 | D:9      | 9347 ||| FLEEEEING.
  9348 | D:9      | 9348 ||| FLEEEEING.
  9349 | D:9      | 9349 ||| FLEEEEING.
  9350 | D:9      | 9350 ||| FLEEEEING.
  9351 | D:9      | 9351 ||| FLEEEEING.
  9352 | D:9      | 9352 ||| STAIRDANCE
  9352 | D:9      | HP: 17/91 [poisoned by a kobold brigand (curare-tipped
                  | dart)]
  9353 | D:8      | Succumbed to a kobold brigand's curare-tipped dart

Levels and vault maps discovered:
D:1:      evilmike_arrival_rings, layout_rooms, chequers_serial_rivers_room_b,
          minivault_23
D:2:      layout_loops_corners, basic_altar, serial_aquarium,
          aquarium_bridge_square [aquarium_subvault_window,
          aquarium_subvault_window, aquarium_subvault_wall,
          aquarium_subvault_bridge], aquarium_bridge_island_small
          [aquarium_subvault_small_open, aquarium_subvault_bridge,
          aquarium_subvault_window, aquarium_subvault_window,
          aquarium_subvault_balcony], aquarium_window_corridor_2,
          aquarium_window_2, aquarium_window_1, aquarium_window_1,
          aquarium_view_2b
D:3:      layout_rooms, hellmonk_ecumenical_altar_arch_garden,
          chequers_serial_rivers_room_a
D:4:      layout_basic, elyvilon_altar_4
D:5:      layout_cave_pools, serial_shops, nicolae_shop_crystal,
          hangedman_decor_diamond_cutter, minmay_statues_item
D:6:      layout_rooms, minmay_temple_entry_offerings, ebering_ghost_xom,
          hangedman_abyss_or_decor_stagger
D:7:      minmay_octagon_keep, layout_basic, nicolae_overflow_crystal_walls,
          mainiacjoe_overflow_catwalk_spiral, gammafunk_ghost_wrathful_warriors,
          nicolae_shop_overcharged_wands
D:8:      layout_loops_corners, kennysheep_little_box, lemuel_doored_altar
D:9:      layout_big_octagon, amcnicky_altar_gilded, lair_entry_dummy,
          zombieorc2_lemuel, ebering_ghost_gozag, uniq_harold

Skill      XL: |  1  2  3  4  5  6  7  8  9 10 |
---------------+-------------------------------+-----
Axes           | 4 5 6 7 8 10 12 14 15 | 15.0
Throwing       | 1 |  1.2
Fighting       | 4 5 6 8 9 |  9.1
Armour         | 3 4 5 6 7 |  7.7
Dodging        | |  2.1

Action                   |  1- 3 |  4- 6 |  7- 9 | 10-12 || total
-------------------------+-------+-------+-------+-------++-------
Melee: Hand axe          |    79 |    74 |   181 |       ||   334
       Headbutt          |     9 |     7 |    46 |    13 ||    75
       Punch             |     1 |     2 |     2 |       ||     5
       War axe           |       |       |    53 |    75 ||   128
Throw: Boomerang         |    10 |    36 |    46 |     6 ||    98
Invok: Berserk           |     2 |     3 |     5 |     2 ||    12
  Use: Scroll            |     6 |     6 |     5 |     2 ||    19
       Potion            |     1 |     1 |     2 |     1 ||     5
Armor: Animal skin       |    11 |       |       |       ||    11
       Plate armour      |    20 |    34 |    97 |    41 ||   192
Dodge: Dodged            |    43 |    21 |    73 |    30 ||   167

Table legend:
 A = Non-vault XP
 B = Vault XP
 C = Vault XP percentage of total XP
 D = Non-vault monster count
 E = Vault monster count
 F = Vault count percentage of total count
                 A         B        C        D         E       F
            +---------+---------+-------+---------+---------+-------
      Total |    6326 |    1495 |  19.1 |     149 |      13 |   8.0
            +---------+---------+-------+---------+---------+-------
        D:1 |      43 |       0 |   0.0 |      24 |       0 |   0.0
        D:2 |      34 |       0 |   0.0 |      13 |       0 |   0.0
        D:3 |      59 |       0 |   0.0 |      12 |       0 |   0.0
        D:4 |     251 |       0 |   0.0 |      21 |       0 |   0.0
        D:5 |     667 |       0 |   0.0 |      14 |       0 |   0.0
        D:6 |     400 |       0 |   0.0 |      16 |       0 |   0.0
        D:7 |    1082 |    1495 |  58.0 |      14 |      13 |  48.1
        D:8 |    1785 |       0 |   0.0 |      11 |       0 |   0.0
        D:9 |    2005 |       0 |   0.0 |      24 |       0 |   0.0
            +---------+---------+-------+---------+---------+-------
